 Dungeon Crawl Stone Soup version 0.20.0-3-g22ec75f (webtiles) character file.

64810 Beldrama the Wrestler (level 14, -6/127 HPs)
             Began as a Troll Monk on May 27, 2017.
             Mangled by an orc warrior
             ... wielding a +0 dire flail
             ... led by an orc knight
              (14 damage)
             ... on level 2 of the Orcish Mines.
             The game lasted 01:33:16 (17522 turns).

Beldrama the Wrestler (Troll Monk)                 Turns: 17522, Time: 01:33:17

Health: -6/127     AC:  8    Str: 34    XL:     14   Next: 73%
Magic:  0/13       EV: 15    Int:  4    God:
Gold:   1657       SH:  3    Dex: 20    Spells: 11/13 levels left

rFire    + . .     SeeInvis .     - Unarmed
rCold    x . .     Gourm    +   (no shield)
rNeg     . . .     Faith    .   C - +1 troll leather armour
rPois    +         Spirit   +   (helmet restricted)
rElec    .         Reflect  +   q - scarf {Spirit}
rCorr    .         Harm     .   (gloves unavailable)
MR       +....                  (boots unavailable)
Stlth    ++........             L - amulet of Existentialism {Reflect rPois Str+8 Int-2 Dex+4 SH+3}
Regen    1.2/turn               l - +4 ring of dexterity
MPRegen  0.2/turn               v - ring of fire

@: no status effects
A: unfitting armour, claws 3, fast metabolism 3, gourmand, regeneration 1,
shaggy fur 1, tough skin 2
a: no special abilities


You were on level 2 of the Orcish Mines.
You were very full.

You visited 5 branches of the dungeon, and saw 21 of its levels.
You also visited: Ice Cave.

You collected 1657 gold pieces.

Inventory:

Hand Weapons
 I - the +3 eveningstar "Ysesasmioko" {venom, rPois}
   (You found it in an ice cave)

   It poisons the flesh of those it strikes.
   It protects you from poison.
Armour
 m - a +0 cloak
 q - a scarf of spirit shield (worn)
 C - a +1 troll leather armour (worn)
Jewellery
 l - a +4 ring of dexterity (left claw)
 r - an uncursed ring of ice
 v - a ring of fire (right claw)
 w - an uncursed ring of flight
 B - a +3 ring of dexterity
 D - an uncursed ring of magical power
 L - the amulet of Existentialism (around neck) {Reflect rPois Str+8 Int-2 Dex+4 SH+3}
   (You found it on level 5 of the Lair of Beasts)

   [amulet of reflection]

   It shields you and reflects attacks.
   It affects your strength (+8).
   It affects your intelligence (-2).
   It affects your dexterity (+4).
   It protects you from poison.
   It affects your SH (+3).
 O - an uncursed ring of magical power
Wands
 f - a wand of acid (0/15)
 g - a wand of scattershot (0/9)
 n - a wand of enslavement (8/24)
 y - a wand of lightning (7/15)
 z - a wand of acid (0/15)
 A - a wand of confusion (26/48)
 E - a wand of disintegration (8/24)
 M - a wand of scattershot (0/9)
Scrolls
 a - a scroll of fog
 h - 9 scrolls of remove curse
 i - 6 scrolls of magic mapping
 j - 3 scrolls of identify
 s - 3 scrolls of amnesia
 t - 8 scrolls of teleportation
 F - a scroll of enchant weapon
Potions
 o - 2 potions of brilliance
 u - 3 potions of magic
 x - 3 potions of flight
 G - a potion of ambrosia
 J - 4 potions of curing
 N - a potion of haste
Books
 e - a book of Minor Magic

   Spells                             Type                      Level
   a - Magic Dart                     Conjuration                  1
   b - Blink                          Translocation                2
   c - Call Imp                       Summoning                    2
   d - Slow                           Hexes                        2
   e - Conjure Flame                  Conjuration/Fire             3
   f - Mephitic Cloud                 Conjuration/Poison/Air       3
 p - a book of Enchantments

   Spells                             Type                      Level
   a - Cause Fear                     Hexes                        4
   b - Yara's Violent Unravelling     Hexes/Transmutation          5
   c - Silence                        Hexes/Air                    5
   d - Deflect Missiles               Charms/Air                   6
   e - Discord                        Hexes                        8
Comestibles
 b - 12 bread rations
 c - 9 fruits
 d - 17 royal jellies
 k - 13 meat rations
 H - 2 chunks of flesh


   Skills:
 + Level 5.3 Fighting
 + Level 7.2 Dodging
 - Level 1.0 Stealth
 * Level 22.1 Unarmed Combat


You had 11 spell levels left.
You knew the following spells:

 Your Spells              Type           Power        Failure   Level  Hunger
a - Blink                 Tloc           N/A          67%         2    ###....


Dungeon Overview and Level Annotations

Branches:
Dungeon (11/15)            Temple (1/1) D:7            Lair (6/6) D:8
 Shoals (0/4) Lair:4       Spider (0/4) Lair:4        Slime (1/5) Lair:6
    Orc (2/2) D:9             Elf (0/3) Orc:2

Altars:
Ashenzari
Cheibriados
Dithmenos
Elyvilon
Fedhas
Gozag
Hepliaklqana
Kikubaaqudgha
Makhleb
Nemelex Xobeh
Okawaru
Qazlal
Ru
Sif Muna
Trog
Uskayaw
Vehumet
Xom
Yredelemnul
Zin
The Shining One

Shops:
D:6 (   Orc:2 :}(}


Innate Abilities, Weirdness & Mutations

You are too large for most types of armour.
You have claws for hands.
Your metabolism is lightning-fast.
You like to eat raw meat.
Your natural rate of healing is unusually fast.
You are covered in fur. (AC +1)
You have very tough skin. (AC +2)


Message History

Aiming: Scattershot
Press: ? - help, Shift-Dir - straight line, f - troll
Aim: a troll (moderately wounded)
The burst of metal fragments hits the troll. x3
The troll is severely wounded.
This wand has 0 charges left.
The orc warrior misses you. The orc warrior barely misses you.
The troll bites you!
* * * LOW HITPOINT WARNING * * *
The troll closely misses you. The troll barely misses you.
The orc hits you but does no damage.
Press: ? - help, v - describe, . - travel
Here: a troll (severely wounded)
The floor, spattered with blood.
Okay, then.
Okay, then.
You mangle the troll!!
You kill the troll!
The troll leather armour is intact enough to wear.
The orc warrior hits you with a dire flail!
You die...

∙▒∙∙∙8∙∩∙8∙∙∙∙∙∙▒∙∙▒∙▒∙▒∙∙▒
∙∙∙∙∙∙∙∙∙∙∙∙∙∙∙∙∙∙∙∙∙▒∙∙∙∙▒
∙∙∙∙∙∙∙8∙∙∙∙∙▒∙∙∙∙∙∙∙∙∙∙∙∙▒
∙∙∙∙∙∙∙∙∙∙∙∙∙∙∙∙∙∙∙∙∙∙∙∙▒∙▒
∙∙∙∙∙∙∙∙∙∙∙∙∙▒∙∙∙∙∙∙∙∙∙▒▒∙▒
∙∙∙∙∙∙∙∙∙∙∙∙▒▒∙∙∙∙∙∙∙∙∙∙∙∙▒▒
∙∙∙∙∙∙∙∙∙∙∙▒▒▒∙∙∙∙∙∙∙∙∙∙▒∙)▒▒
∙∙∙∙∙∙∙∙∙∙∙∙▒∙∙o[o∙∙∙∙∙▒∙∙∙∙▒▒▒▒▒


∙∙∙∙∙∙ ∙∙∙∙∙∙∙)@o∙▒▒∙▒▒▒∙∙∙∙∙∙∙∙ ∙∙∙∙∙∙ ∙∙▒∙▒▒∙▒)▒▒▒▒▒▒ ▒▒▒∙∙∙∙∙∙ ∙∙∙∙∙∙∙∙ ▒
▒▒▒▒▒ ▒▒▒▒▒▒▒ ∙∙∙∙∙∙∙∙ ∙∙∙∙∙∙∙∙ ∙∙∙▒∙∙∙∙ ∙∙∙∙∙∙▒∙ ∙∙∙∙∙∙∙∙∙∙ ∙∙∙∙▒∙∙∙∙∙∙ You
could see 2 orc warriors and an orc.

Vanquished Creatures
  Azrael (Orc:2)
  The ghost of Timinator the Fighter, a journeyman DsFi of Hepliaklqana (Orc:2)
  6 hydras
  4 catoblepae (Lair:6)
  2 two-headed ogres
  13 death yaks
  An unseen horror (D:10)
  The ghost of Rrauwl the Grappler, a novice TrAs of Hepliaklqana (D:6)
  A necromancer (IceCv)
  2 orc knights
  An orc sorcerer (Orc:2)
  2 manticores (Lair:6)
  An oklob plant (Lair:4)
  23 elephants
  4 black mambas
  8 spiny frogs
  Joseph (Lair:1)
  3 ice statues (IceCv)
  A centaur skeleton (D:11)
  A rime drake (Lair:5)
  5 komodo dragons
  7 ice devils (IceCv)
  2 hornets
  6 trolls
  Grinder (D:6)
  13 blink frogs (Lair:6)
  A slime creature (D:9)
  4 dream sheep (Lair:6)
  7 hippogriffs
  48 yaks
  3 wyverns
  6 fire elementals (Orc:2)
  2 basilisks
  3 vampire mosquitoes (D:11)
  Grum (D:8)
  12 water moccasins
  The ghost of Dadi the Magician, an amateur DECj (D:4)
  2 hell hounds (Orc:2)
  6 porcupines
  4 ice beasts
  16 orc warriors
  3 sky beasts
  A black bear (D:10)
  7 ogres
  14 wolves
  3 phantoms
  6 centaurs
  13 crocodiles
  18 bullfrogs
  A wyvern zombie (D:6)
  A wyvern skeleton (D:9)
  3 scorpions
  4 killer bees (D:7)
  7 wights
  A howler monkey (D:5)
  5 electric eels
  3 crimson imps
  3 draconian simulacra (IceCv)
  4 hounds
  11 jellies
  2 bullfrog zombies
  13 orc priests
  10 orc wizards
  2 bullfrog skeletons
  Natasha (thrice) (D:3 D:5)
  8 iguanas
  10 worker ants
  A troll simulacrum (IceCv)
  4 centaur simulacra (IceCv)
  A hound skeleton (D:8)
  12 adders
  A naga simulacrum (IceCv)
  An ogre simulacrum (IceCv)
  A shadow imp (D:5)
  13 oozes
  2 adder zombies
  2 adder skeletons
  6 worms
  3 dart slugs
  4 leopard geckos
  56 orcs
  5 bats
  4 giant cockroaches
  4 goblins
  4 hobgoblins
  14 jackals
  6 quokkas
  A ball python (D:4)
  4 frilled lizards
  5 kobolds
  A leopard gecko skeleton (D:5)
  A quokka skeleton (D:4)
  A quokka zombie (D:10)
  4 rats
544 creatures vanquished.

Vanquished Creatures (others)
  A blink frog (Lair:6)
  18 fungi
  17 plants
36 creatures vanquished.

Grand Total: 580 creatures vanquished

Notes
Turn   | Place    | Note
-------+----------+-------------------------------------------
     0 | D:1      | Beldrama the Troll Monk began the quest for the Orb.
     0 | D:1      | Reached XP level 1. HP: 22/22 MP: 0/0
   196 | D:1      | Reached XP level 2. HP: 28/29 MP: 1/1
   586 | D:2      | Reached skill level 4 in Unarmed Combat
   586 | D:2      | Reached XP level 3. HP: 35/36 MP: 2/2
   780 | D:2      | Learned a level 2 spell: Blink
  1547 | D:3      | Noticed Natasha
  1554 | D:3      | Killed Natasha
  1554 | D:3      | Reached XP level 4. HP: 36/44 MP: 3/3
  2076 | D:4      | Reached skill level 5 in Unarmed Combat
  2076 | D:4      | Reached XP level 5. HP: 32/50 MP: 4/4
  2210 | D:4      | Noticed a phantom
  2227 | D:4      | Killed a phantom
  2227 | D:4      | Reached skill level 6 in Unarmed Combat
  2227 | D:4      | Reached XP level 6. HP: 59/59 MP: 5/5
  2378 | D:4      | Found a basalt altar of Yredelemnul.
  2387 | D:4      | Found a glowing golden altar of the Shining One.
  2694 | D:4      | Noticed Dadi's ghost (amateur DECj)
  2701 | D:4      | Killed Dadi's ghost
  2701 | D:4      | Reached skill level 7 in Unarmed Combat
  2896 | D:5      | Entered Level 5 of the Dungeon
  2923 | D:5      | Reached XP level 7. HP: 66/66 MP: 6/6
  2929 | D:5      | Noticed Natasha
  2933 | D:5      | Killed Natasha
  2937 | D:5      | Noticed Natasha
  2943 | D:5      | Killed Natasha
  3034 | D:5      | Reached skill level 8 in Unarmed Combat
  3246 | D:5      | Reached skill level 9 in Unarmed Combat
  3246 | D:5      | Reached XP level 8. HP: 74/74 MP: 7/7
  3346 | D:6      | Noticed Rrauwl's ghost (novice TrAs)
  3361 | D:6      | Killed Rrauwl's ghost
  3361 | D:6      | Reached skill level 10 in Unarmed Combat
  3514 | D:6      | Noticed Grinder
  3530 | D:6      | Killed Grinder
  3532 | D:6      | Reached skill level 11 in Unarmed Combat
  3767 | D:6      | Reached XP level 9. HP: 81/81 MP: 8/8
  3905 | D:6      | Found Tunluod's Weapon Boutique.
  4167 | D:6      | Found a stormy altar of Qazlal.
  4411 | D:7      | HP: 1/81 [ogre/giant club (14)]
  4481 | D:7      | Reached skill level 12 in Unarmed Combat
  4824 | D:7      | Found a staircase to the Ecumenical Temple.
  4843 | Temple   | Entered the Ecumenical Temple
  5207 | D:7      | Found a radiant altar of Vehumet.
  5208 | D:7      | Found a shattered altar of Ashenzari.
  5348 | D:8      | Noticed a death yak
  5767 | D:9      | Found a staircase to the Orcish Mines.
  5782 | D:9      | Reached skill level 13 in Unarmed Combat
  5855 | D:9      | Reached XP level 10. HP: 73/91 MP: 9/9
  6179 | D:10     | Entered Level 10 of the Dungeon
  6341 | D:10     | Reached skill level 14 in Unarmed Combat
  6348 | D:10     | Reached skill level 5 in Dodging
  6501 | D:10     | Noticed a two-headed ogre
  6735 | D:10     | Killed an unseen horror
  6867 | D:9      | Killed a two-headed ogre
  7086 | D:10     | Reached skill level 15 in Unarmed Combat
  7322 | D:10     | Reached XP level 11. HP: 98/98 MP: 10/10
  8158 | D:11     | Noticed a two-headed ogre
  8641 | D:10     | Reached skill level 16 in Unarmed Combat
  8974 | D:8      | Noticed a death yak
  8986 | D:8      | Noticed a death yak
  8986 | D:8      | Noticed a death yak
  9002 | D:8      | Killed a death yak
  9043 | D:8      | Noticed a death yak
  9063 | D:8      | Killed a death yak
  9070 | D:8      | Noticed a death yak
  9071 | D:8      | Killed a death yak
  9079 | D:8      | Killed a death yak
  9083 | D:8      | Killed a death yak
  9096 | D:8      | Killed a death yak
  9096 | D:8      | Reached skill level 17 in Unarmed Combat
  9181 | D:8      | Found a staircase to the Lair.
  9196 | D:8      | Noticed Grum
  9206 | D:8      | Killed Grum
  9231 | D:8      | Reached XP level 12. HP: 94/107 MP: 11/11
  9462 | Lair:1   | Entered Level 1 of the Lair of Beasts
  9754 | Lair:1   | Noticed Joseph
  9769 | Lair:1   | Killed Joseph
 10245 | Lair:2   | Noticed a six-headed hydra
 10747 | Lair:2   | Reached skill level 18 in Unarmed Combat
 11115 | Lair:2   | Killed a ten-headed hydra
 11622 | Lair:3   | Noticed a six-headed hydra
 11686 | Lair:3   | Killed a nine-headed hydra
 11734 | Lair:3   | Got a fine silver ring
 11735 | Lair:3   | Identified the ring of Guott {Ice Str-4 Int+3 Dex+2} (You found it on level 3 of the Lair of Beasts)
 12262 | Lair:4   | Found a hole to the Spider Nest.
 12277 | Lair:4   | Reached skill level 19 in Unarmed Combat
 12309 | Lair:4   | Found a frozen archway.
 12324 | Lair:4   | Reached XP level 13. HP: 117/117 MP: 12/12
 12326 | IceCv    | Entered an ice cave
 12699 | IceCv    | Got a brightly glowing eveningstar
 12700 | IceCv    | Identified the +3 eveningstar "Ysesasmioko" {venom, rPois} (You found it in an ice cave)
 12996 | Lair:4   | Found a staircase to the Shoals.
 13476 | Lair:5   | Got a vibrating golden amulet
 13477 | Lair:5   | Identified the amulet of Existentialism {Reflect rPois Str+8 Int-2 Dex+4 SH+3} (You found it on level 5 of the Lair of Beasts)
 14225 | Lair:6   | Entered Level 6 of the Lair of Beasts
 14367 | Lair:6   | Reached skill level 20 in Unarmed Combat
 14571 | Lair:6   | Reached skill level 5 in Fighting
 14596 | Lair:6   | Found a staircase to the Slime Pits.
 15039 | Lair:6   | Reached XP level 14. HP: 127/127 MP: 13/13
 15088 | Lair:6   | Reached skill level 21 in Unarmed Combat
 16171 | Slime:1  | Entered Level 1 of the Pits of Slime
 16171 | Slime:1  | Noticed an acid blob
 16171 | Slime:1  | Noticed an acid blob
 16292 | Orc:1    | Entered Level 1 of the Orcish Mines
 16789 | Orc:2    | Entered Level 2 of the Orcish Mines
 16789 | Orc:2    | Found Elausegg's Weapon Emporium.
 16904 | Orc:2    | Noticed Timinator's ghost (journeyman DsFi)
 16912 | Orc:2    | Killed Timinator's ghost
 17003 | Orc:2    | Found Doust's Gadget Emporium.
 17174 | Orc:2    | Found Yna Tise's Book Shop.
 17181 | Orc:2    | Found a staircase to the Elven Halls.
 17194 | Orc:2    | Found Lyegec's Gadget Shop.
 17213 | Orc:2    | Noticed Azrael
 17234 | Orc:2    | Killed Azrael
 17244 | Orc:2    | Reached skill level 22 in Unarmed Combat
 17522 | Orc:2    | Mangled by an orc warrior

Skill      XL: |  1  2  3  4  5  6  7  8  9 10 11 12 13 14 |
---------------+-------------------------------------------+-----
Unarmed Combat | 4 5 6 7 9 11 13 15 17 19 20 22 | 22.1
Dodging        | 3 4 5 6 7 |  7.2
Fighting       | 3 4 5 |  5.3
Stealth        | |  1.0

Action                   |  1- 3 |  4- 6 |  7- 9 | 10-12 | 13-15 || total
-------------------------+-------+-------+-------+-------+-------++-------
Melee: Unarmed           |    98 |   111 |   225 |   591 |   518 ||  1543
       Punch             |     2 |     2 |     5 |    57 |    84 ||   150
Evoke: Wand              |       |       |     1 |     8 |    15 ||    24
  Use: Potion            |     4 |     1 |    13 |     3 |     6 ||    27
       Scroll            |     6 |     1 |     7 |     9 |     9 ||    32
 Stab: Sleeping          |     6 |     3 |    16 |    17 |    11 ||    53
       Distracted        |       |       |       |     1 |     2 ||     3
       Invisible         |       |       |       |     1 |       ||     1
  Eat: Chunk             |    14 |    16 |    27 |    58 |    47 ||   162
Armor: Robe              |    30 |    31 |    56 |    18 |       ||   135
       Troll leather arm |       |       |       |    77 |    90 ||   167
Dodge: Dodged            |    41 |    53 |   110 |   254 |   229 ||   687
Block: Other             |       |       |       |       |    41 ||    41
       Reflection        |       |       |       |       |     2 ||     2
